 Dungeon Crawl Stone Soup version 0.16.1-51-g6203257 (webtiles) character file.

1405 uhvn the Sneak (level 8, -12/35 HPs)
             Began as a Vine Stalker Enchanter on July 12, 2015.
             Mangled by a goliath beetle (26 damage)
             ... on level 6 of the Dungeon.
             The game lasted 00:21:58 (3498 turns).

uhvn the Sneak (Vine Stalker Enchanter)             Turns: 3498, Time: 00:21:58

Health: -12/35     AC: 14    Str: 11    XL:     8   Next: 70%
Magic:  0/21       EV: 14    Int: 15    God:
Gold:   215        SH:  0    Dex: 17    Spells: 3 memorised, 12 levels left

rFire  . . .     SeeInvis .     r - +1 short sword (holy)
rCold  . . .     Clarity  .     b - +1 robe
rNeg   . . .     SustAb   .     (no shield)
rPois  .         Gourm    .     (no helmet)
rElec  .         Spirit   +     (no cloak)
rCorr  .         Warding  .     M - +2 pair of gloves
rMut   +         Stasis   .     H - +1 pair of boots
MR     +....                    s - amulet of resist mutation
Stlth  +++.......               (no ring)
                                e - +6 ring of protection

@: somewhat resistant to hostile enchantments, fairly stealthy
A: fangs 3, frail 1, regeneration 2, magic shield, antimagic bite, no device
heal 3, rot immunity
a: no special abilities


You were on level 6 of the Dungeon.
You were hungry.

You visited 1 branch of the dungeon, and saw 6 of its levels.

You collected 215 gold pieces.

Inventory:

Hand weapons
 a - a +1 dagger
 r - a +1 short sword of holy wrath (weapon)
 K - a +1 dagger of venom
Missiles
 L - a throwing net (quivered)
Armour
 b - a +1 robe (worn)
 i - a +0 pair of gloves
 u - a +0 pair of boots
 H - a +1 pair of boots (worn)
 M - a +2 pair of gloves (worn)
 O - a +3 ring mail
Jewellery
 e - a +6 ring of protection (left hand)
 n - an uncursed amulet of warding
 s - an amulet of resist mutation (around neck)
Magical devices
 F - a wand of cold (7)
 G - a wand of draining (6)
 P - a wand of teleportation (6)
Scrolls
 f - 2 scrolls of enchant armour {unknown}
 j - 6 scrolls of identify {unknown}
 k - 4 scrolls of teleportation {unknown}
 l - a scroll of noise {unknown}
 m - 2 scrolls of recharging {unknown}
 p - 3 scrolls of enchant weapon {unknown}
 v - 5 scrolls of fog {unknown}
 y - a scroll of amnesia {unknown}
 E - 2 scrolls of random uselessness {unknown}
 J - a scroll of immolation {unknown}
 Q - a scroll of remove curse {unknown}
Potions
 g - 2 potions of flight {unknown}
 h - 2 potions of agility {unknown}
 o - 2 potions of heal wounds {unknown}
 q - a potion of ambrosia {unknown}
 w - 2 potions of brilliance {unknown}
 x - 2 potions of restore abilities {unknown}
 z - 4 potions of curing {unknown}
 B - 2 potions of degeneration {unknown}
 D - 2 potions of berserk rage {unknown}
 I - a potion of poison {unknown}
Books
 c - a book of Maledictions

   Spells                             Type                      Level
   a - Corona                         Hexes                        1
   b - Sure Blade                     Hexes/Charms                 2
   c - Ensorcelled Hibernation        Hexes/Ice                    2
   d - Confuse                        Hexes                        3
   e - Dazzling Spray                 Conjuration/Hexes            3
   f - Enslavement                    Hexes                        4
 A - a book of Summonings

   Spells                             Type                      Level
   a - Abjuration                     Summoning                    3
   b - Recall                         Summoning/Translocation      3
   c - Shadow Creatures               Summoning                    5
   d - Summon Demon                   Summoning                    5
   e - Summon Forest                  Summoning/Translocation      5
   f - Monstrous Menagerie            Summoning                    6
Comestibles
 d - 3 bread rations
 t - 2 meat rations
 C - 7 fruits
 N - a beef jerky


   Skills:
 + Level 2.8 Fighting
 * Level 4.4 Short Blades
 + Level 3.2 Dodging
 + Level 6.1 Stealth
 * Level 5.2 Spellcasting
 - Level 3.0 Hexes
 - Level 3.1 Charms
 + Level 3.0 Ice Magic


You had 12 spell levels left.
You knew the following spells:

 Your Spells              Type           Power        Failure   Level  Hunger
a - Corona                Hex            ##.....      6%          1    None
b - Ensorcelled Hibernat  Hex/Ice        ##....       10%         2    ##.....
c - Sure Blade            Hex/Chrm       ##........   10%         2    ##.....


Dungeon Overview and Level Annotations

Branches:
Dungeon (6/15)
 Temple: D:4-7

Altars:
Fedhas


Innate Abilities, Weirdness & Mutations

You have razor-sharp teeth.
You heal very quickly.
When hurt, damage is shared between your health and your magic reserves.
Your bite disrupts and absorbs the magic of your enemies.
Potions and wands cannot restore your health.
You are immune to rotting.
You are frail (-10% HP).


Message History

Press: ? - help, Shift-Dir - straight line, f/p - goliath beetle
Aim: a goliath beetle (lightly wounded, chance 43%)
The goliath beetle resists with some effort.
The goliath beetle bites you!!
Ouch! That really hurt!
Casting: Ensorcelled Hibernation
Confirm with . or Enter, or press ? or * to list all spells.
Aiming: Ensorcelled Hibernation
Press: ? - help, Shift-Dir - straight line, f/p - goliath beetle
Aim: a goliath beetle (lightly wounded, chance 43%)
The goliath beetle resists with some effort.
Casting: Ensorcelled Hibernation
Confirm with . or Enter, or press ? or * to list all spells.
Aiming: Ensorcelled Hibernation
Press: ? - help, Shift-Dir - straight line, f/p - goliath beetle
Aim: a goliath beetle (lightly wounded, chance 43%)
The goliath beetle resists with some effort.
The goliath beetle bites you!!
Ouch! That really hurt!
You die...

#...................
##..................
##.......#.........
##.....#......##.#
######.......##...#.#
##..........#.#.......
##.......##...........#
#.........###.........#
##....@<.## ... .....
........B.## .
##..##....l #. #.###...
.. #.... #.# #.. .. .
...


You could see a goliath beetle and a giant gecko.

Vanquished Creatures
  Prince Ribbit (D:6)
  A sky beast (D:5)
  The ghost of iridescence the Cutter, an average SpEn (D:3)
  2 phantoms (D:4)
  2 ice beasts (D:5)
  An ogre (D:5)
  A giant frog (D:6)
  Blork the orc (D:5)
  A scorpion (D:5)
  A quasit (D:6)
  A giant frog zombie (D:5)
  2 orc wizards (D:5)
  Crazy Yiuf (D:3)
  A centaur skeleton (D:5)
  An iguana (D:4)
  A worker ant (D:4)
  Jessica (D:3)
  Robin (D:3)
  2 adders
  2 giant mites
  2 worms (D:2)
  An adder zombie (D:6)
  6 giant geckos
  2 oozes
  3 orcs
  A bat skeleton (D:5)
  A bat zombie (D:5)
  4 giant cockroaches
  21 goblins
  13 hobgoblins
  5 jackals
  3 quokkas
  8 bats
  6 giant newts
  6 kobolds
  A quokka zombie (D:5)
  5 rats
113 creatures vanquished.

Notes
Turn   | Place    | Note
--------------------------------------------------------------
     0 | D:1      | uhvn, the Vine Stalker Enchanter, began the quest for the Orb.
     0 | D:1      | Reached XP level 1. HP: 9/9 MP: 3/3
    52 | D:1      | Reached skill level 1 in Short Blades
   161 | D:1      | Reached XP level 2. HP: 13/13 MP: 5/5
   255 | D:1      | Learned a level 2 spell: Ensorcelled Hibernation
   258 | D:1      | Learned a level 2 spell: Sure Blade
   582 | D:2      | Reached XP level 3. HP: 17/17 MP: 1/7
   659 | D:2      | Reached skill level 1 in Fighting
   816 | D:2      | Reached skill level 4 in Stealth
   834 | D:2      | Reached XP level 4. HP: 22/22 MP: 1/9
   909 | D:2      | Reached skill level 1 in Charms
  1203 | D:3      | Noticed Robin
  1241 | D:3      | Killed Robin
  1301 | D:3      | Noticed Jessica
  1307 | D:3      | Killed Jessica
  1307 | D:3      | Reached XP level 5. HP: 25/25 MP: 9/12
  1354 | D:3      | Noticed iridescence's ghost (average SpEn)
  1367 | D:3      | Killed iridescence's ghost
  1367 | D:3      | Reached skill level 1 in Ice Magic
  1367 | D:3      | Gained mutation: You heal very quickly. [vine stalker growth]
  1367 | D:3      | Reached XP level 6. HP: 30/30 MP: 13/15
  1465 | D:3      | Noticed Crazy Yiuf
  1473 | D:3      | Killed Crazy Yiuf
  1755 | D:3      | Found a blossoming altar of Fedhas.
  2176 | D:4      | Reached skill level 5 in Stealth
  2256 | D:4      | Reached XP level 7. HP: 30/34 MP: 14/17
  2380 | D:5      | Entered Level 5 of the Dungeon
  2418 | D:5      | Gained mutation: You are frail (-10% HP). [mutagenic meat]
  2534 | D:5      | Gained mutation: You have razor-sharp teeth. [vine stalker growth]
  2534 | D:5      | Reached XP level 8. HP: 7/35 MP: 6/20
  2632 | D:5      | Noticed Blork the orc
  2677 | D:5      | Killed Blork the orc
  3238 | D:6      | Noticed Prince Ribbit
  3356 | D:6      | Killed Prince Ribbit
  3356 | D:6      | Reached skill level 6 in Stealth
  3356 | D:6      | Reached skill level 5 in Spellcasting
  3498 | D:6      | Mangled by a goliath beetle

Action                   |  1- 3 |  4- 6 |  7- 9 || total
-------------------------+-------+-------+-------++-------
Melee: Dagger            |    84 |    18 |       ||   102
       Short sword       |       |   128 |   169 ||   297
 Cast: Ensorcelled Hiber |    12 |    12 |    25 ||    49
       Corona            |     1 |       |     1 ||     2
       Sure Blade        |     2 |     7 |    14 ||    23
 Stab: Sleeping          |    14 |    12 |    10 ||    36
       Invisible         |       |     1 |       ||     1
  Eat: Chunk             |     1 |     4 |     7 ||    12
       Fruit             |       |       |     1 ||     1
